 Dungeon Crawl Stone Soup version 0.27-a0-1312-g5cdb2b3542 (webtiles) character file.

Game seed: 17058121023676001443

492 Snarg the Ruffian (level 7, 0/49 HPs)
             Began as a Djinni Wanderer on June 20, 2021.
             Was a Believer of Wu Jian.
             Slain by a bullfrog zombie (1 damage)
             ... on level 5 of the Dungeon.
             The game lasted 00:15:37 (4183 turns).

Snarg the Ruffian (Djinni Wanderer)                 Turns: 4183, Time: 00:15:38

Health: 0/49       AC:  6    Str: 26    XL:     7   Next: 37%
Gold:   251        EV: 12    Int: 13    God:    Wu Jian [**....] SH:  0 Dex: 12

rFire    + + +     SeeInvis .   a - +2 hand axe
rCold    x . .     Faith    .   (no shield)
rNeg     . . .     Spirit   .   q - +3 leather armour {rF+}
rPois    ∞         Reflect  .   (helmet currently unavailable)
rElec    .         Harm     .   (no cloak)
rCorr    .         Rampage  .   (no gloves)
Will     .....                  (boots unavailable)
Stlth    ++........             (no amulet)
HPRegen  0.16/turn              y - +6 ring of strength
MPRegen  0.00/turn              B - +6 ring of strength

@: appendages (expiring), flying, invisible
A: horns 2, flying, sickness immunity, fire resistance 2, cold vulnerability 1,
float, innate caster, hp casting, extra vitality 1
a: End Transformation, Renounce Religion, Wall Jump


You were on level 5 of the Dungeon.
You worshipped Wu Jian.
Wu Jian was pleased with you.
You had temporarily grown beastly horns.
You visited 1 branch of the dungeon, and saw 5 of its levels.
You also visited: Sewer.

You collected 251 gold pieces.

Inventory:

Hand Weapons
 a - a +2 hand axe (weapon)
 d - a +0 whip
 g - a +0 dagger
 h - a +0 short sword
 m - a +2 spear of flaming
 v - a +0 dagger of venom
Missiles
 c - 3 atropa-tipped darts
 j - 3 boomerangs
 o - 6 curare-tipped darts
 r - a throwing net
 s - 33 stones
 u - 35 sling bullets
Armour
 b - a +0 robe
 q - a +3 leather armour of fire resistance (worn)
Jewellery
 y - a +6 ring of strength (left hand)
 B - a +6 ring of strength (right hand)
Wands
 z - a wand of paralysis (12)
 A - a wand of digging (4)
Scrolls
 n - a scroll of identify {unknown}
 t - 4 scrolls of blinking {unknown}
 w - a scroll of noise {unknown}
 x - a scroll of enchant armour {unknown}
 C - a scroll of teleportation {unknown}
Potions
 e - 3 potions of flight
 f - 2 potions of mutation {unknown}
 i - 3 potions of degeneration {unknown}
 k - 3 potions of curing {unknown}
 l - 2 potions of haste {unknown}
 p - 3 potions of invisibility


   Skills:
 * Level 2.8 Fighting
 + Level 3.0 Axes
 + Level 0.6 Throwing
 + Level 1.9 Armour
 + Level 3.6 Dodging
 + Level 2.0 Stealth
 - Level 4.0 Unarmed Combat
 * Level 2.4 Spellcasting
 + Level 2.1 Evocations


You couldn't memorise any spells.
You knew the following spells:

 Your Spells              Type           Power      Damage    Failure   Level
a - Beastly Appendage     Tmut           14%        N/A       10%         1
b - Spider Form           Tmut/Pois      3%         N/A       30%         3
c - Inner Flame           Hex/Fire       7%         N/A       30%         3
d - Corona                Hex            7%         N/A       10%         1
e - Apportation           Tloc           14%        N/A       10%         1
f - Searing Ray           Conj           14%        3d3       16%         2
g - Passwall              Tmut/Erth      5%         N/A       16%         2

Your spell library contained the following spells:

 Spells                   Type           Power      Damage    Failure   Level


Dungeon Overview and Level Annotations

Branches:
Dungeon (5/15)              Sewer (visited)
 Temple: D:4-7

Altars:
Cheibriados
Elyvilon
Fedhas
Trog
Wu Jian
The Shining One

Annotations:
D:1 clr
D:2 clt
D:3 Sigmund
D:4 clr


Innate Abilities, Weirdness & Mutations

You have temporarily grown beastly horns.
You are flying.
You are immune to sickness and miasma.
You are immune to poison.
Your flesh is very heat resistant. (rF++)
You are vulnerable to cold. (rC-)
You float through the air rather than walking.
You learn spells naturally, not from books.
Your magical power is your life essence.
You have superior vitality. (+4 HP)


Message History

Confirm with . or Enter, or press ? or * to list all spells.
You grow a pair of large bovine horns.
The iguana barely misses you.
You closely miss the iguana. Your headbutt misses the iguana.
The iguana is severely wounded.
The iguana bites you!
The bullfrog zombie hits you but does no damage.
The iguana bites you.
Unknown command.
You spin and attack the iguana.
You hit the iguana.
The iguana is almost dead.
The iguana bites you.
You slash the bullfrog zombie!
Your headbutt misses the bullfrog zombie.
The bullfrog zombie is moderately damaged.
You hit the iguana but do no damage.
Your transformation is almost over.
The bullfrog zombie misses you. The iguana bites you!
* * * LOW HITPOINT WARNING * * *
Unknown command.
The bullfrog zombie hits you.
* * * LOW HITPOINT WARNING * * *
You hit the iguana.
You kill the iguana!
The Council accepts your kill.
You barely miss the bullfrog zombie. The bullfrog zombie closely misses you.
Unknown command.
Unknown command.
It was a potion of flight.
You feel more buoyant. The bullfrog zombie hits you.
* * * LOW HITPOINT WARNING * * *
The bullfrog zombie misses you.
You hit the bullfrog zombie.
The bullfrog zombie is moderately damaged.
The bullfrog zombie hits you.
* * * LOW HITPOINT WARNING * * *
It was a potion of invisibility.
You fade into invisibility!
The bullfrog zombie closely misses you. The bullfrog zombie hits you.
You die...

#...####.... # #...........
. #..........[ ### .##
#.......# ...# #.#
##......### ....# #.#
######........|. #.#.# #.#
#.............##
#..#.##.#####.............#
##.#.#..).......@Z...####..#
##..#.#...............# .#
#.#.##.......#######.# #
#..#.#.......# .#
##†#.##.......# ..
....#.#.......# ..#
.#.#.##.......#
#.#.#.#.......#
.#.#.###########


You could see a bullfrog zombie.

Vanquished Creatures
  Purgy (Sewer)
  An ogre (D:5)
  A hound (D:4)
  A gnoll shaman (D:5)
  2 iguanas
  3 gnolls (D:5)
  9 adders
  A worm (D:3)
  A dart slug (D:2)
  4 orcs (D:4)
  4 ball pythons
  6 bats (D:1)
  5 endoplasms
  5 giant cockroaches
  6 goblins
  4 hobgoblins
  13 jackals
  2 quokkas (D:4)
  3 frilled lizards (D:1)
  10 kobolds
  4 rats
86 creatures vanquished.

Notes
Turn   | Place    | Note
-------+----------+-------------------------------------------
     0 | D:1      | Snarg the Djinni Wanderer began the quest for the Orb.
     0 | D:1      | Reached XP level 1. HP: 15/15 MP: 0/0
    87 | D:1      | Found a faded altar of an unknown god.
   102 | D:1      | Reached skill level 1 in Fighting
   106 | D:1      | Became a worshipper of the Wu Jian Council
   106 | D:1      | Reached * piety under Wu Jian
   119 | D:1      | Reached XP level 2. HP: 20/22 MP: 0/0
   403 | D:1      | Reached XP level 3. HP: 25/28 MP: 0/0
   403 | D:1      | Learned a level 1 spell: Apportation
   947 | D:2      | Found a bloodstained altar of Trog.
   965 | D:2      | Reached skill level 1 in Spellcasting
  1677 | D:3      | Reached ** piety under Wu Jian
  1796 | D:3      | Found a white marble altar of Elyvilon.
  1799 | D:3      | Reached XP level 4. HP: 33/33 MP: 0/0
  1887 | D:3      | Noticed Natasha
  1898 | D:3      | Reached skill level 1 in Dodging
  2218 | D:3      | Noticed Sigmund
  2427 | D:4      | Reached XP level 5. HP: 35/38 MP: 0/0
  2427 | D:4      | Learned a level 2 spell: Searing Ray
  3027 | D:4      | Found a glowing golden altar of the Shining One.
  3275 | D:4      | Reached skill level 1 in Armour
  3539 | D:4      | Found a blossoming altar of Fedhas.
  3567 | D:5      | Entered Level 5 of the Dungeon
  3581 | D:5      | Found a glowing drain.
  3600 | D:5      | Reached XP level 6. HP: 43/43 MP: 0/0
  3619 | Sewer    | Entered a sewer
  3706 | Sewer    | Noticed Purgy
  3717 | Sewer    | Killed Purgy
  3809 | D:5      | Reached XP level 7. HP: 6/49 MP: 0/0
  3809 | D:5      | Learned a level 2 spell: Passwall
  4140 | D:5      | Found a snail-covered altar of Cheibriados.
  4182 | D:5      | HP: 1/49 [bullfrog zombie (2)]
  4183 | D:5      | Slain by a bullfrog zombie

Illustrated notes

Levels and vault maps discovered:
D:1:      lemuel_arrival_lava_pool, layout_rooms, ebering_ecumenical_altar_rust,
          minmay_pentomino_w4
D:2:      layout_rooms, basic_altar
D:3:      layout_loops_cross, amcnicky_altar_gilded, minmay_misc_feat_five,
          uniq_sigmund, uniq_natasha
D:4:      layout_gridville, kennysheep_mini_moat, overflow_temple_1_default
D:5:      layout_basic, lemuel_doored_altar, pf_just_have_faith,
          minmay_temple_entry_fiery, gup_sewer_entry_glass

Skill      XL: |  1  2  3  4  5  6  7 |
---------------+----------------------+-----
Fighting       | 1 2 |  2.8
Spellcasting   | 1 2 |  2.4
Dodging        | 1 3 |  3.6
Armour         | 1 |  1.9
Axes           | 3 |  3.0
Stealth        | 2 |  2.0
Throwing       | |  0.6
Unarmed Combat | |  4.0
Evocations     | |  2.1

Action                   |  1- 3 |  4- 6 |  7- 9 || total
-------------------------+-------+-------+-------++-------
Melee: Hand axe          |    92 |   146 |    18 ||   256
       Headbutt          |     1 |     9 |       ||    10
       Punch             |     1 |     4 |       ||     5
Throw: Stone             |     4 |       |       ||     4
       Dart              |       |     6 |     1 ||     7
 Cast: Beastly Appendage |     4 |    15 |     2 ||    21
       Corona            |     6 |     9 |     2 ||    17
Invok: Lunge             |    12 |     4 |     3 ||    19
       Whirlwind         |    10 |    14 |     1 ||    25
 Abil: Wall Jump         |       |     1 |       ||     1
Evoke: Wand              |       |     3 |       ||     3
  Use: Scroll            |       |     1 |       ||     1
       Potion            |       |       |     2 ||     2
 Stab: Distracted        |     1 |       |       ||     1
       Sleeping          |       |     2 |     2 ||     4
       Paralysed         |       |     3 |       ||     3
Armor: Robe              |    24 |       |       ||    24
       Leather armour    |     5 |    61 |     4 ||    70
Dodge: Dodged            |    51 |    99 |     8 ||   158

Table legend: (Time is in decaauts)
 A = Elapsed time spent in this place.
 B = Non-inter-level travel time spent in this place.
 C = Inter-level travel time spent in this place.
 D = Time resting spent in this place.
 E = Time spent auto-exploring this place.
 F = Levels seen in this place.
 G = Mean time per level.
                   A        B        C        D        E       F      G
               +--------+--------+--------+--------+--------+-----+--------+
         Total |   4229 |   4145 |     84 |    785 |   2461 |   6 |  704.8 |
       Dungeon |   4068 |   3984 |     84 |    785 |   2393 |   5 |  813.6 |
         Sewer |    161 |    161 |      0 |      0 |     68 |   1 |  161.0 |
               +--------+--------+--------+--------+--------+-----+--------+

Top non-repeatable levels by time:
     D:4: 1332 daAuts
     D:2: 823 daAuts
     D:3: 761 daAuts
     D:1: 686 daAuts
     D:5: 464 daAuts
   Sewer: 161 daAuts
